Map: 레릴락 마루

Players

Scytherino

  • Race: Terran Terran
  • League: Grandmaster

SoulKey - Winner!

  • Race: Zerg Zerg

Event: Gauntlet LotV Series 1 Qualifier 2

VOD

Have the link to the VOD?

Description

Time

  • Played on: Dec. 5, 2015, 2:15 p.m.
  • Length: 9:29

All games in this series

Show
View Real Time Build Order
Export as new Build Order

Scytherino Terran 

Build Orders: MMM Bio 

Get SALT Encoding   

  12  0:01  SCV  
  13  0:13  SCV  
  14  0:17  Supply Depot  
  14  0:25  SCV  
  15  0:38  SCV  
  15  0:40  Barracks  
  16  0:46  Refinery  
  16  0:51  SCV  
  17  1:03  SCV  
  18  1:15  SCV  
  19  1:27  Orbital Command  
  19  1:29  Barracks Reactor  
  19  1:42  Command Center  
  19  1:52  Supply Depot  
  20  1:54  SCV  
  20  2:04  Marine  
  20  2:05  Marine  
  22  2:09  SCV  
  22  2:13  Factory  
  23  2:21  SCV  
  24  2:23  Marine x2  
  26  2:34  SCV  
  27  2:42  Marine x2  
  29  2:46  SCV  
  30  2:55  Orbital Command  
  30  2:56  Factory Tech Lab, Bunker  
  30  2:58  SCV  
  30  3:00  Marine x2  
  33  3:10  SCV  
  34  3:22  SCV  
  34  3:25  SCV  
  34  3:26  Supply Depot, Hellion x2, Marine, Combat Shields  
  41  3:37  SCV, Armory  
  41  3:38  SCV  
  43  3:44  Marine  
  43  3:48  Hellion x2  
  48  3:50  Supply Depot  
  48  3:53  SCV  
  48  3:55  SCV  
  50  4:02  Marine  
  51  4:05  SCV  
  51  4:07  SCV  
  53  4:12  Hellion x2  
  57  4:18  SCV, Supply Depot  
  57  4:20  Marine  
  59  4:24  SCV  
  59  4:30  SCV  
  61  4:38  Marine  
  62  4:40  Supply Depot, Hellion x2  
  62  4:41  Supply Depot  
  62  4:44  Command Center  
  66  4:55  Marine  
  55  5:08  SCV  
  55  5:09  Barracks  
  55  5:11  SCV  
  48  5:19  Stimpack  
  48  5:20  SCV  
  46  5:23  Refinery, Barracks  
  46  5:24  SCV, Refinery x2, Marine  
  46  5:28  Factory Tech Lab  
  48  5:32  SCV  
  49  5:36  SCV  
  49  5:41  Marine  
  51  5:43  Supply Depot  
  51  5:44  SCV  
  51  5:48  SCV  
  51  5:49  Siege Tank  
  56  5:56  SCV  
  57  5:58  Barracks Reactor  
  57  5:59  Marine, Orbital Command  
  57  6:00  SCV  
  59  6:07  Starport  
  59  6:08  SCV, Engineering Bay  
  59  6:09  Engineering Bay  
  60  6:12  SCV  
  60  6:15  Marine x2  
  60  6:16  Barracks  
  60  6:17  Barracks, Marine  
  64  6:20  SCV  
  64  6:21  Siege Tank  
  64  6:24  SCV  
  69  6:32  SCV  
  68  6:33  Marine x2  
  68  6:35  Marine  
  68  6:38  Missile Turret  
  68  6:39  Missile Turret  
  66  6:40  Missile Turret  
  66  6:44  Terran Infantry Weapons Level 1, Terran Infantry Armor Level 1  
  66  6:45  SCV x2  
  63  6:48  Marine x2  
  63  6:51  SCV, Marine x2  
  63  6:53  Marine  
  63  7:05  SCV  
  63  7:08  Marine x2  
  64  7:09  Marine x2  
  64  7:14  SCV  
  68  7:20  Marine  
  67  7:26  Marine x2  
  67  7:27  Medivac, Marine  
  70  7:31  SCV  
  70  7:36  Marine  
  71  7:40  SCV  
  71  7:43  Thor  
  75  7:44  SCV  
  75  7:47  Marine  
  75  7:48  Marine  
  79  7:51  Barracks  
  79  7:55  Marine, Orbital Command  
  79  7:58  Starport Reactor  
  79  7:59  SCV  
  79  8:01  SCV  
  81  8:06  Marine x3  
  81  8:07  Barracks Reactor  
  81  8:12  SCV  
  85  8:13  SCV  
  85  8:15  Marine x2  
  88  8:20  SCV  
  88  8:21  Missile Turret  
  88  8:24  SCV, Marine x3  
  88  8:25  SCV  
  88  8:26  Thor  
  100  8:32  Supply Depot x2, Marine, SCV  
  102  8:36  SCV  
  102  8:37  SCV  
  104  8:44  SCV  
  104  8:48  SCV  
  91  8:58  Medivac x2  
  83  9:04  SCV  
  83  9:05  SCV  
  83  9:06  Marine x2  
  83  9:07  Marauder, Marine x5  
Show
View Real Time Build Order
Export as new Build Order

SoulKey Zerg - Winner!

Build Orders: Hatch First, Zergling Baneling 

Get SALT Encoding   

  12  0:01  Drone  
  13  0:12  Overlord  
  13  0:18  Drone  
  14  0:31  Drone x2  
  14  0:34  Drone  
  17  0:52  Hatchery  
  17  0:56  Drone  
  17  0:58  Drone  
  18  1:13  Extractor  
  18  1:14  Spawning Pool  
  18  1:16  Drone  
  17  1:18  Drone  
  18  1:28  Drone  
  19  1:42  Overlord  
  19  2:01  Zergling x2, Queen  
  19  2:02  Zergling x2  
  19  2:04  Queen  
  19  2:05  Drone  
  26  2:14  Metabolic Boost  
  26  2:18  Drone x2  
  28  2:29  Drone x2  
  30  2:34  Overlord  
  30  2:36  Queen  
  30  2:41  Queen  
  34  2:46  Drone x2  
  36  2:54  Drone x2  
  38  3:04  Drone  
  38  3:05  Overlord  
  39  3:11  Drone x3  
  39  3:12  Drone  
  43  3:13  Drone  
  43  3:19  Lair  
  44  3:24  Drone x2, Spine Crawler  
  44  3:26  Drone  
  46  3:29  Drone  
  47  3:36  Baneling Nest, Extractor  
  47  3:37  Extractor  
  47  3:41  Drone x3  
  46  3:45  Overlord  
  46  3:46  Extractor  
  46  3:48  Drone  
  47  3:49  Drone  
  47  3:51  Drone  
  47  3:55  Drone  
  49  3:56  Drone  
  49  3:57  Drone  
  49  3:59  Overlord  
  51  4:06  Drone  
  52  4:10  Drone  
  52  4:16  Drone  
  54  4:18  Drone  
  54  4:20  Zergling x4  
  54  4:21  Zergling x4  
  58  4:25  Spire  
  58  4:27  Zergling x4  
  59  4:32  Overseer  
  59  4:33  Overlord  
  59  4:36  Zergling x2  
  60  4:45  Baneling x8  
  60  4:46  Zergling x4  
  61  4:54  Zergling x2  
  61  4:55  Zergling x4  
  63  5:02  Zergling x2  
  63  5:05  Drone  
  61  5:15  Hatchery  
  61  5:19  Drone x2  
  61  5:20  Overlord  
  62  5:25  Evolution Chamber x2, Roach Warren  
  59  5:41  Mutalisk x5  
  59  5:42  Mutalisk  
  71  5:52  Overlord  
  71  5:55  Zerg Missile Weapons Level 1  
  71  5:57  Zerg Ground Armor Level 1  
  71  6:00  Drone x2  
  71  6:01  Drone x4  
  77  6:06  Glial Reconstitution  
  77  6:09  Overlord  
  77  6:13  Drone x2  
  79  6:21  Extractor  
  79  6:22  Extractor  
  79  6:25  Drone x3  
  79  6:26  Drone x2  
  79  6:27  Drone x3  
  85  6:34  Overlord  
  85  6:43  Drone x2  
  85  6:44  Drone  
  87  7:02  Drone  
  87  7:03  Drone x3  
  87  7:05  Hatchery  
  87  7:07  Roach x2  
  94  7:11  Zerg Flyer Weapons Level 1, Overlord  
  94  7:15  Roach x8  
  110  7:25  Overlord  
  110  7:26  Overlord  
  110  7:29  Drone x2  
  112  7:31  Roach  
  114  7:40  Roach x3  
  118  7:46  Roach x2  
  118  7:47  Roach x8  
  138  7:54  Overlord x2  
  138  7:58  Overlord  
  138  8:04  Overlord  
  135  8:17  Ravager x7  
  135  8:19  Zergling x18  
  151  8:33  Hatchery  
  150  8:36  Baneling x3  
  150  8:41  Zergling x20  
  150  8:56  Roach x8  
  155  9:07  Roach x6  
Tags
 
Add a new tag
Caveats
  • Supply blocks, unpowered buildings, or Contaminate may cause inaccurate times.
  • Supply counts are checked every 10 seconds.